 Dungeon Crawl Stone Soup version 0.32-a0-815-g315f82d515 (webtiles) character file.

Game seed: 7768113386086384044

3076 Octopussy the Blocker (level 9, -2/74 HPs)
             Began as a Gnoll Fighter on Mar 23, 2024.
             Was a Believer of Okawaru.
             Slain by a scorpion (4 damage)
             ... summoned by Amaemon
             ... on level 8 of the Dungeon.
             The game lasted 00:11:34 (6512 turns).

Octopussy the Blocker (Gnoll Fighter)               Turns: 6512, Time: 00:11:36

Health: -2/74      AC: 10    Str: 20    XL:     9   Next: 88%
Magic:  16/16      EV: 16    Int:  7    God:    Okawaru [**....]
Gold:   488        SH:  6    Dex: 18    Spells: 17/17 levels left

rFire   . . .        a - +0 war axe
rCold   . . .        c - +0 buckler
rNeg    . . .        b - +0 scale mail
rPois   .            o - +0 helmet
rElec   .            r - +0 cloak
rCorr   .            (no gloves)
SInv    .            (no boots)
Will    .....        t - amulet of regeneration
Stlth   ++           l - +6 ring of dexterity
HPRegen 1.12/turn    x - +5 ring of evasion
MPRegen 0.15/turn

%: no passive effects
@: lethally poisoned (-2 -> -18)
A: fangs 1, strong nose, distributed training
a: Renounce Religion, Heroism


You were on level 8 of the Dungeon.
You worshipped Okawaru.
Okawaru was pleased with you.
You visited 2 branches of the dungeon, and saw 9 of its levels.

You collected 488 gold pieces.

Inventory:

Hand Weapons
 a - a +0 war axe (weapon)
Missiles
 s - 3 silver javelins (quivered)
 y - 2 throwing nets
Armour
 b - a +0 scale mail (worn)
 c - a +0 buckler (worn)
 o - a +0 helmet (worn)
 r - a +0 cloak (worn)
Jewellery
 i - an amulet of faith
 l - a +6 ring of dexterity (left hand)
 t - an amulet of regeneration (around neck)
 w - a ring of protection from cold
 x - a +5 ring of evasion (right hand)
Wands
 h - a wand of acid (3)
 p - a wand of roots (8)
 u - a wand of paralysis (1)
Scrolls
 k - 3 scrolls of teleportation
 q - 2 scrolls of amnesia
Potions
 d - 2 potions of might
 e - a potion of berserk rage
 f - a potion of curing
 g - 2 potions of cancellation {unknown}
 j - a potion of brilliance
 m - a potion of haste
 n - 2 potions of enlightenment
 v - a potion of attraction


   Skills:
 + Level 8.2 Fighting
 + Level 4.8 Short Blades
 + Level 4.8 Long Blades
 + Level 6.7 Axes
 + Level 4.8 Maces & Flails
 + Level 4.8 Polearms
 + Level 4.8 Staves
 + Level 4.8 Ranged Weapons
 + Level 4.8 Throwing
 + Level 8.2 Armour
 + Level 4.8 Dodging
 + Level 4.8 Stealth
 + Level 8.2 Shields
 + Level 4.8 Unarmed Combat
 + Level 4.8 Spellcasting
 + Level 4.0 Conjurations
 + Level 4.0 Hexes
 + Level 4.0 Summonings
 + Level 4.0 Necromancy
 + Level 4.0 Translocations
 + Level 4.0 Fire Magic
 + Level 4.0 Ice Magic
 + Level 4.0 Air Magic
 + Level 4.0 Earth Magic
 + Level 4.0 Alchemy
 + Level 5.3 Invocations
 + Level 4.8 Evocations
 + Level 4.4 Shapeshifting


You had 17 spell levels left.
You didn't know any spells.
Your spell library contained the following spells:

 Spells                   Type           Power      Damage    Failure   Level
 Apportation              Tloc           14%        N/A       16%         1
 Magic Dart               Conj           28%        1d4       16%         1
 Jinxbite                 Hex            14%        N/A       24%         2
 Searing Ray              Conj           14%        2d5       24%         2
 Sublimation of Blood     Necr           7%         N/A       24%         2
 Fulminant Prism          Conj/Alch      3%         3d5       85%         4
 Alistair's Intoxication  Alch           4%         N/A       99%         5
 Call Imp                 Summ           Unusable   N/A       N/A         2
 Summon Hydra             Summ           Unusable   N/A       N/A         7

Dungeon Overview and Level Annotations

Branches:
Dungeon (8/15)             Temple (1/1) D:5
   Lair: D:8-11

Altars:
Ashenzari
Cheibriados
Dithmenos
Elyvilon
Fedhas
Hepliaklqana
Kikubaaqudgha
Nemelex Xobeh
Okawaru
Ru
Uskayaw
Vehumet
Wu Jian
Xom
Yredelemnul
Zin
The Shining One
Beogh

Shops:
D:2 !   D:4 *   D:6 (

Annotations:
D:8 Amaemon, Jeremiah
Temple 4 transporters


Innate Abilities, Weirdness & Mutations

You have very sharp teeth.
Your uncanny sense of smell can sniff out nearby items.
Your experience applies equally to all skills.


Message History

Amaemon hits you with a +1 demon whip of venom.
You are more poisoned.
You block Amaemon's attack. Amaemon misses you.
Amaemon gestures wildly while chanting.
You hit Amaemon.
Amaemon is severely wounded.
You slash the scorpion!
You feel very sick. The scorpion closely misses you.
Amaemon hits you with a +1 demon whip of venom.
You are more poisoned.
Amaemon claws you. You block Amaemon's attack.
You slash Amaemon! You bite Amaemon, but do no damage.
Amaemon is almost dead.
You hit the scorpion but do no damage.
You feel extremely sick. The scorpion stings you. Amaemon misses you.
Amaemon barely misses you. x2
You are too injured to fight recklessly!
You are too injured to fight recklessly!
Unknown command.
You closely miss Amaemon. You bite Amaemon.
Amaemon is almost dead.
You hit the scorpion. You barely miss the scorpion.
You feel very sick. The scorpion stings you. The scorpion closely misses you.
Amaemon hits you with a +1 demon whip of venom!
* * * LOW HITPOINT WARNING * * *
You are lethally poisoned!
Amaemon barely misses you.
Amaemon tail-slaps you but does no damage.
The scorpion stings you but does no damage.
The scorpion misses you.
You barely miss Amaemon.
Amaemon is almost dead.
You barely miss the scorpion. You hit the scorpion.
* * * LOW HITPOINT WARNING * * *
You feel extremely sick.
Amaemon gestures wildly while chanting.
The scorpion stings you.
You die...

..~4.......... #.
..~~......>... ~~≈.... #.
~.~≈.........6 ..≈...... #.
~.~≈~~........ ........# #.
....... ........# #.
.....s.## .......# #.
......ss# .......## #.
########6#### #....## #.
#.......s@..# #.....###.
#.........s.#####...#..##.
#.........[.+.......##....
..............####.#######..
###........§.§..............
####
#......≈§≈≈§≈≈§≈..#######.
...#
##...#[≈..§§.)§≈.§........
##.#
###.#.≈.#####.§.§########
#.# #.#§§.#.....§.§...... #


You could see Amaemon (corroded) and 5 scorpions.

Vanquished Creatures
  Maurice (D:8)
  An orange demon (D:8)
  A steam dragon (D:8)
  An orc warrior (D:8)
  An ice beast (D:7)
  A black bear (D:4)
  3 centaurs
  2 ogres
  2 phantoms
  3 bullfrogs (D:7)
  2 scorpions
  5 killer bees (D:8)
  2 bombardier beetles
  A jelly (D:8)
  3 hounds
  4 orc priests
  3 sleepcaps
  6 iguanas
  5 orc wizards
  3 gnolls (D:4)
  7 adders
  2 shadow imps
  2 white imps (D:5)
  8 ufetubi
  3 dart slugs
  A ribbon worm (D:2)
  30 orcs
  4 endoplasms
  10 goblins
  6 hobgoblins
  5 quokkas
  7 ball pythons
  5 bats
  3 frilled lizards
  3 kobolds
  4 rats
150 creatures vanquished.

Notes
Turn   | Place    | Note
-------+----------+-------------------------------------------
     0 | D:1      | Octopussy the Gnoll Fighter began the quest for the Orb.
     0 | D:1      | Reached XP level 1. HP: 23/23 MP: 1/1
    61 | D:1      | Reached XP level 2. HP: 29/29 MP: 2/2
    63 | D:1      | You fall into a shaft and drop 1 floor!
   480 | D:1      | Reached XP level 3. HP: 30/35 MP: 3/3
   960 | D:2      | Reached skill level 1 in Invocations
  1343 | D:2      | Reached skill level 1 in Short Blades
  1343 | D:2      | Reached skill level 1 in Long Blades
  1343 | D:2      | Reached skill level 1 in Maces & Flails
  1343 | D:2      | Reached skill level 1 in Polearms
  1343 | D:2      | Reached skill level 1 in Staves
  1343 | D:2      | Reached skill level 1 in Ranged Weapons
  1343 | D:2      | Reached skill level 1 in Throwing
  1343 | D:2      | Reached skill level 1 in Dodging
  1343 | D:2      | Reached skill level 1 in Stealth
  1343 | D:2      | Reached skill level 1 in Unarmed Combat
  1343 | D:2      | Reached skill level 1 in Spellcasting
  1343 | D:2      | Reached skill level 1 in Evocations
  1532 | D:2      | Found Xuluodgh's Distillery.
  1747 | D:3      | Reached skill level 1 in Shapeshifting
  1747 | D:3      | Reached XP level 4. HP: 39/41 MP: 5/5
  1853 | D:3      | Found a sparkling altar of Nemelex Xobeh.
  1912 | D:3      | Found a faded altar of an unknown god.
  2216 | D:4      | Reached skill level 1 in Conjurations
  2216 | D:4      | Reached skill level 1 in Hexes
  2216 | D:4      | Reached skill level 1 in Summonings
  2216 | D:4      | Reached skill level 1 in Necromancy
  2216 | D:4      | Reached skill level 1 in Translocations
  2216 | D:4      | Reached skill level 1 in Fire Magic
  2216 | D:4      | Reached skill level 1 in Ice Magic
  2216 | D:4      | Reached skill level 1 in Air Magic
  2216 | D:4      | Reached skill level 1 in Earth Magic
  2216 | D:4      | Reached skill level 1 in Alchemy
  2231 | D:4      | Reached XP level 5. HP: 9/47 MP: 5/7
  2480 | D:4      | Noticed a black bear
  2488 | D:4      | Killed a black bear
  2489 | D:4      | Reached skill level 5 in Axes
  2489 | D:4      | Reached XP level 6. HP: 38/53 MP: 7/9
  2924 | D:4      | Reached XP level 7. HP: 57/60 MP: 10/10
  3022 | D:4      | Found Naneibenar's General Store.
  3362 | D:5      | Entered Level 5 of the Dungeon
  3961 | D:5      | Found a staircase to the Ecumenical Temple.
  3971 | Temple   | Found a transporter.
  3971 | Temple   | Found a transporter.
  3971 | Temple   | Found a transporter.
  3971 | Temple   | Found a transporter.
  3971 | Temple   | Entered the Ecumenical Temple
  4242 | D:6      | Reached XP level 8. HP: 59/67 MP: 12/12
  4375 | D:6      | Found Iferis's Weapon Shoppe.
  4758 | D:6      | Found a glowing silver altar of Zin.
  5088 | D:7      | Found an iron altar of Okawaru.
  5099 | D:7      | Became a worshipper of Warmaster Okawaru
  5285 | D:7      | Reached XP level 9. HP: 73/73 MP: 14/14
  5374 | D:7      | Found a glowing golden altar of the Shining One.
  5409 | D:7      | Found a roughly hewn altar of Beogh.
  6005 | D:8      | Noticed Amaemon
  6005 | D:8      | Noticed an orange demon
  6071 | D:8      | Noticed Jeremiah
  6106 | D:8      | Found a broken altar of Ashenzari.
  6287 | D:8      | Reached * piety under Okawaru
  6316 | D:8      | Noticed Maurice
  6321 | D:8      | Maurice stole a ring of protection from cold
  6323 | D:8      | Maurice stole 3 silver javelins
  6324 | D:8      | Something stole 57 gold
  6325 | D:8      | Something stole 404 gold
  6353 | D:8      | Killed Maurice
  6354 | D:8      | Reached skill level 5 in Invocations
  6437 | D:8      | Found an ornate altar of the Wu Jian Council.
  6449 | D:8      | Reached ** piety under Okawaru
  6501 | D:8      | Killed an orange demon
  6512 | D:8      | HP: 2/74 [poisoned by Amaemon]
  6512 | D:8      | Slain by a scorpion

Illustrated notes

Levels and vault maps discovered:
D:1:      reono_arrival_mine, layout_loops_ring
D:2:      layout_basic, serial_shops, shop, kennysheep_generic_room_12
D:3:      layout_basic, nemelex_diamond_rough_becter,
          ebering_ecumenical_altar_box
D:4:      nicolae_BIG_FREAKIN_CUBE, layout_basic, serial_shops,
          nicolae_diamond_shop
D:5:      layout_cave_pools, temple_hall, eino_tiny_chamber
D:6:      layout_loops_ring, zin_academy, nicolae_take_the_stairs
D:7:      layout_loops_ring, mainiacjoe_overflow_tiny_flanked,
          mainiacjoe_overflow_paths, david_defended_altar_orc
D:8:      layout_basic, mainiacjoe_overflow_brackets,
          nicolae_ashenzari_skybound, kennysheep_orc_sif_temple, serial_rivers,
          chequers_serial_rivers_small_3, chequers_serial_rivers_room_a,
          chequers_serial_rivers_large_a, chequers_serial_rivers_room_b,
          chequers_serial_rivers_small_a, chequers_serial_rivers_micro_e,
          chequers_serial_rivers_small_a, uniq_jeremiah, uniq_amaemon,
          uniq_maurice, uniq_maggie
Temple:   hellmonk_temple_divided_pantheon

Skill      XL: |  1  2  3  4  5  6  7  8  9 |
---------------+----------------------------+-----
Invocations    | 1 2 3 4 5 |  5.3
Short Blades   | 1 2 3 4 |  4.8
Long Blades    | 1 2 3 4 |  4.8
Maces & Flails | 1 2 3 4 |  4.8
Polearms       | 1 2 3 4 |  4.8
Staves         | 1 2 3 4 |  4.8
Ranged Weapons | 1 2 3 4 |  4.8
Throwing       | 1 2 3 4 |  4.8
Dodging        | 1 2 3 4 |  4.8
Stealth        | 1 2 3 4 |  4.8
Unarmed Combat | 1 2 3 4 |  4.8
Spellcasting   | 1 2 3 4 |  4.8
Evocations     | 1 2 3 4 |  4.8
Shapeshifting  | 1 2 3 4 |  4.4
Conjurations   | 1 2 3 4 |  4.0
Hexes          | 1 2 3 4 |  4.0
Summonings     | 1 2 3 4 |  4.0
Necromancy     | 1 2 3 4 |  4.0
Translocations | 1 2 3 4 |  4.0
Fire Magic     | 1 2 3 4 |  4.0
Ice Magic      | 1 2 3 4 |  4.0
Air Magic      | 1 2 3 4 |  4.0
Earth Magic    | 1 2 3 4 |  4.0
Alchemy        | 1 2 3 4 |  4.0
Axes           | 5 6 |  6.7
Fighting       | 7 8 |  8.2
Armour         | 7 8 |  8.2
Shields        | 7 8 |  8.2

Action                     |  1- 3 |  4- 6 |  7- 9 || total
---------------------------+-------+-------+-------++-------
  Melee: War axe           |   106 |    89 |   402 ||   597
         Bite              |     2 |    10 |    37 ||    49
  Evoke: Wand              |       |       |     8 ||     8
    Use: Potion            |       |     1 |       ||     1
         Scroll            |       |       |    13 ||    13
   Stab: Paralysed         |       |       |     5 ||     5
 Armour: Scale mail        |    79 |    90 |   331 ||   500
  Dodge: Dodged            |    47 |    45 |   321 ||   413
  Block: Buckler           |    31 |    23 |   160 ||   214

Table legend: (Time is in decaauts)
 A = Elapsed time spent in this place.
 B = Non-inter-level travel time spent in this place.
 C = Inter-level travel time spent in this place.
 D = Time resting spent in this place.
 E = Time spent auto-exploring this place.
 F = Levels seen in this place.
 G = Mean time per level.
                   A        B        C        D        E       F      G
               +--------+--------+--------+--------+--------+-----+--------+
         Total |   6674 |   6439 |    235 |     72 |   4778 |   9 |  741.6 |
       Dungeon |   6640 |   6417 |    223 |     72 |   4778 |   8 |  830.0 |
        Temple |     33 |     21 |     12 |      0 |      0 |   1 |   33.0 |
               +--------+--------+--------+--------+--------+-----+--------+

Top non-repeatable levels by time:
     D:4: 1223 daAuts
     D:2: 892 daAuts
     D:5: 858 daAuts
     D:6: 849 daAuts
     D:7: 789 daAuts
     D:1: 729 daAuts
     D:8: 709 daAuts
     D:3: 588 daAuts
  Temple: 33 daAuts
